 Dungeon Crawl Stone Soup version 0.31-a0-95-g6fa058ef04 (webtiles) character file.

Game seed: 18351904461987766506

3285804 Chodeload the Slayer (level 27, 242/242 HPs)
             Began as a Barachi Wanderer on May 24, 2023.
             Was the Champion of Vehumet.
             Escaped with the Orb
             ... and 5 runes on May 26, 2023!
             The game lasted 07:12:39 (65144 turns).

Chodeload the Slayer (Barachi Wanderer)            Turns: 65144, Time: 07:12:40

Health: 242/242    AC: 12    Str: 19    XL:     27
Magic:  43/43      EV: 22    Int: 40    God:    Vehumet [******]
Gold:   4574       SH: 14    Dex: 18    Spells: 4/59 levels left

rFire   + . .        a - staff of conjuration "Wuroatwoi" {*Corrode rElec rC++ rN+++}
rCold   + + +        L - +2 kite shield {rC+}
rNeg    + + +        j - +1 robe of Vines {NoPotionHeal Regen++++}
rPois   +            N - +2 hat {Will+}
rElec   +            y - scarf {repulsion}
rCorr   +            l - +2 pair of gloves
SInv    .            d - +2 pair of boots {Fly}
Will    ++++.        Z - amulet of Miracles {RegenMP +Inv Int+3 Dex+4}
Stlth   +            e - ring of Hucwul {Fly rCorr Str+6 Int+6 Stlth-}
HPRegen 3.80/turn    Q - ring of Ucuiff {rElec rPois rF+ Will+ Int+4}
MPRegen 0.68/turn

%: corrode self (3%), repel missiles
@: flying, studying Throwing, slow
A: amphibious, slowness 1, strong legs 2, +LOS, talons 1, thin skeletal
structure 1, cold resistance 1
0: Orb of Zot
}: 5/15 runes: barnacled, slimy, silver, abyssal, gossamer
a: Hop, Renounce Religion, Evoke Invisibility


You escaped.
You worshipped Vehumet.
Vehumet was exalted by your worship.
You visited 11 branches of the dungeon, and saw 53 of its levels.
You visited the Abyss 1 time.
You visited 3 bazaars.
You also visited: Trove and Gauntlet.

You collected 9866 gold pieces.
You spent 5292 gold pieces at shops.

Inventory:

Hand Weapons
 b - the +8 whip "Snakebite" {venom, curare, rPois}
   (You found it on level 4 of the Lair of Beasts)

   rPois:     It protects you from poison.
 c - a +3 demon whip of electrocution
Missiles
 D - 5 throwing nets (quivered)
 R - 10 silver javelins
Armour
 d - a +2 pair of boots of flying (worn)
 j - the +1 robe of Vines (worn) {NoPotionHeal Regen++++}
   (You found it on level 8 of the Dungeon)

   NoPotionHeal: Its wearer cannot be healed by potions.
   Regen:     It increases your rate of health regeneration.
 l - a +2 pair of gloves (worn)
 y - a scarf of repulsion (worn)
 z - a +2 cloak of stealth
 L - a +2 kite shield of cold resistance (worn)
 N - a +2 hat of willpower (worn)
Magical Staves
 a - the staff of conjuration "Wuroatwoi" (weapon) {*Corrode rElec rC++ rN+++}
   (You found it on level 3 of the Elven Halls)

   [staff of conjuration]

   Base accuracy: +5 Base damage: 5 Base attack delay: 1.2 This weapon's minimum
   attack delay (0.6) is reached at skill level 12.
   rC:        It greatly protects you from cold.
   rElec:     It insulates you from electricity.
   rN:        It renders you almost immune to negative energy.
   *Corrode:  It may corrode you when you take damage.
   It falls into the 'Staves' category.
   It is a one-handed weapon.
Jewellery
 e - the ring of Hucwul (left hand) {Fly rCorr Str+6 Int+6 Stlth-}
   (You took it off a deep elf demonologist on level 3 of the Elven Halls)

   [ring of strength]

   Str:       It affects your strength (+6).
   Int:       It affects your intelligence (+6).
   Fly:       It grants you flight.
   rCorr:     It protects you from acid and corrosion.
   Stlth:     It makes you less stealthy.
 u - the ring "Bimu Hetz" {rC+ Will+ rCorr SInv}
   (You found it on level 14 of the Dungeon)

   [ring of protection from cold]

   rC:        It protects you from cold.
   SInv:      It lets you see invisible.
   rCorr:     It protects you from acid and corrosion.
   Will:      It increases your willpower.
 K - a ring of wizardry
 Q - the ring of Ucuiff (right hand) {rElec rPois rF+ Will+ Int+4}
   (You acquired it on level 3 of the Elven Halls)

   [ring of willpower]

   Int:       It affects your intelligence (+4).
   rF:        It protects you from fire.
   rElec:     It insulates you from electricity.
   rPois:     It protects you from poison.
   Will:      It increases your willpower.
 Z - the amulet of Miracles (around neck) {RegenMP +Inv Int+3 Dex+4}
   (You acquired it on level 1 of the Spider Nest)

   [amulet of magic regeneration]

   It increases your rate of magic regeneration.
   Int:       It affects your intelligence (+3).
   Dex:       It affects your dexterity (+4).
   +Inv:      It lets you turn invisible.
Wands
 G - a wand of roots (44)
 O - a wand of acid (29)
 U - a wand of paralysis (57)
 W - a wand of digging (5)
Scrolls
 g - 11 scrolls of blinking
 o - 6 scrolls of poison
 r - 3 scrolls of amnesia
 s - 5 scrolls of fear
 t - 17 scrolls of teleportation
 B - 2 scrolls of magic mapping
 C - a scroll of silence
 F - 3 scrolls of summoning
 J - 5 scrolls of vulnerability
 M - 9 scrolls of immolation
 X - 8 scrolls of fog
Potions
 f - 6 potions of brilliance
 h - 12 potions of ambrosia
 i - 19 potions of heal wounds
 k - 4 potions of magic
 m - 2 potions of haste
 p - 3 potions of invisibility
 q - 14 potions of curing
 v - 13 potions of mutation
 w - 4 potions of cancellation
 x - 7 potions of resistance
 A - 10 potions of attraction
 E - 5 potions of berserk rage
 H - 9 potions of lignification
 S - 13 potions of might
 T - 9 potions of enlightenment
Miscellaneous
 I - a tin of tremorstones (2/2)
 P - a box of beasts
 Y - a phantom mirror


   Skills:
 - Level 25.0 Fighting
 - Level 4.0 Long Blades
 - Level 8.0 Maces & Flails
 - Level 5.0 Throwing
 - Level 7.3 Armour
 - Level 16.5 Dodging
 - Level 1.7 Stealth
 + Level 10.1 Shields
 - Level 16.8 Spellcasting
 - Level 24.0 Conjurations
 - Level 15.0 Summonings
 - Level 10.0 Necromancy
 - Level 8.0 Translocations
 - Level 24.0 Fire Magic
 - Level 10.0 Air Magic
 - Level 3.0 Earth Magic
 - Level 4.5 Evocations


You had 4 spell levels left.
You knew the following spells:

 Your Spells              Type           Power      Damage    Failure   Level
a - Shock                 Conj/Air       100%       1d9       0%          1
b - Ignition              Fire           61%        3d17      1%          8
c - Fireball              Conj/Fire      71%        3d27      0%          5
d - Fire Storm            Conj/Fire      71%        8d18      6%          9
e - Sublimation of Blood  Necr           85%        N/A       1%          2
f - Iskenderun's Mystic   Conj/Tloc      100%       2d19      1%          4
g - Spellforged Servitor  Conj/Summ      65%        N/A       1%          7
h - Orb of Destruction    Conj           73%        9d17      1%          7
i - Freezing Cloud        Conj/Ice/Air   50%        6-21      1%          5
j - Passage of Golubria   Tloc           78%        N/A       1%          4
k - Blink                 Tloc           100%       N/A       1%          2
l - Apportation           Tloc           100%       N/A       1%          1

Your spell library contained the following spells:

 Spells                   Type           Power      Damage    Failure   Level
 Chain Lightning          Conj/Air       62%        3d82      65%         9
 Shatter                  Erth           27%        3d23*     100%        9
 Magic Dart               Conj           100%       1d8       0%          1
 Momentum Strike          Conj/Tloc      100%       3d10      0%          2
 Scorch                   Fire           100%       2d9       0%          2
 Searing Ray              Conj           100%       2d8       0%          2
 Static Discharge         Conj/Air       100%       2-7/arc   0%          2
 Call Canine Familiar     Summ           100%       N/A       0%          3
 Volatile Blastmotes      Fire/Tloc      100%       2d18      0%          3
 Flame Wave               Conj/Fire      100%       2d21      0%          4
 Beastly Appendage        Tmut           66%        N/A       1%          1
 Freeze                   Ice            100%       1d10      1%          1
 Sandblast                Erth           100%       2d20      1%          1
 Slow                     Hex            100%       N/A       1%          1
 Cigotuvi's Dreadful Rot  Necr/Pois/Air  100%       N/A       1%          2
 Lesser Beckoning         Tloc           100%       N/A       1%          2
 Frozen Ramparts          Ice            66%        1d10      1%          3
 Gell's Gravitas          Tloc           78%        N/A       1%          3
 Inner Flame              Hex/Fire       85%        N/A       1%          3
 Mephitic Cloud           Conj/Pois/Air  100%       N/A       1%          3
 Stone Arrow              Conj/Erth      100%       3d13      1%          3
 Swiftness                Air            85%        N/A       1%          3
 Teleport Other           Tloc           78%        N/A       1%          3
 Vampiric Draining        Necr           85%        2d12      1%          3
 Vhi's Electric Charge    Tloc/Air       100%       N/A       1%          3
 Airstrike                Air            42%        2d(7-23)  1%          4
 Animate Armour           Summ/Erth      100%       N/A       1%          4
 Animate Dead             Necr           85%        N/A       1%          4
 Fulminant Prism          Conj/Hex       53%        3d23      1%          4
 Summon Ice Beast         Ice/Summ       67%        N/A       1%          4
 Summon Lightning Spire   Summ/Air       86%        N/A       1%          4
 Wereblood                Tmut           33%        N/A       2%          2
 Portal Projectile        Hex/Tloc       96%        N/A       2%          3
 Passwall                 Tmut/Erth      24%        N/A       3%          2
 Confusing Touch          Hex            33%        N/A       4%          3
 Ozocubu's Armour         Ice            33%        N/A       4%          3
 Olgreb's Toxic Radiance  Pois           33%        N/A       4%          4
 Ensorcelled Hibernation  Hex/Ice        32%        N/A       6%          2
 Spider Form              Tmut/Pois      16%        N/A       12%         3
 Leda's Liquefaction      Hex/Erth       14%        N/A       22%         4
 Petrify                  Tmut/Erth      29%        N/A       22%         4
 Ice Form                 Ice/Tmut       16%        N/A       36%         4
 Iskenderun's Battlesphe  Conj           100%       2d15      0%          5
 Agony                    Necr           85%        N/A       1%          5
 Arcjolt                  Conj/Air       62%        1d72      1%          5
 Irradiate                Conj/Tmut      53%        3d29      1%          5
 Conjure Ball Lightning   Conj/Air       62%        3x3d22    1%          6
 Leda's Unmaking          Conj/Erth      56%        9d9       1%          6
 Plasma Beam              Fire/Air       50%        2x1d71    1%          6
 Summon Cactus Giant      Summ           50%        N/A       1%          6
 Lee's Rapid Deconstruct  Erth           27%        3d15*     3%          5
 Summon Hydra             Summ           50%        N/A       3%          7
 Death Channel            Necr           42%        N/A       4%          6
 Borgnjor's Vile Clutch   Necr/Erth      31%        N/A       8%          5
 Dispersal                Tloc           39%        N/A       10%         6
 Silence                  Hex/Air        27%        N/A       14%         5
 Haunt                    Necr/Summ      43%        N/A       21%         7
 Lehudib's Crystal Spear  Conj/Erth      56%        10d13     26%         8
 Yara's Violent Unravell  Hex/Tmut       8%         3d5       28%         5
 Maxwell's Capacitive Co  Air            42%        ∞         41%         8
 Simulacrum               Ice/Necr       27%        N/A       61%         6
 Alistair's Intoxication  Tmut/Pois      10%        N/A       73%         5
 Metabolic Englaciation   Hex/Ice        8%         N/A       73%         5
 Infestation              Necr           42%        N/A       88%         8
 Statue Form              Tmut/Erth      19%        N/A       97%         6
 Storm Form               Tmut/Air       27%        N/A       99%         7
 Disjunction              Tloc           39%        N/A       99%         8
 Dragon Form              Tmut           16%        N/A       100%        7
 Enfeeble                 Hex            16%        N/A       100%        7
 Discord                  Hex            16%        N/A       100%        8
 Necromutation            Tmut/Necr      27%        N/A       100%        8


Dungeon Overview and Level Annotations

Branches:
Dungeon (15/15)            Temple (1/1) D:4            Lair (5/5) D:11
 Shoals (4/4) Lair:3       Spider (4/4) Lair:2        Slime (5/5) Lair:4
    Orc (2/2) D:12            Elf (3/3) Orc:2        Vaults (5/5) D:14
  Crypt (0/3) Vaults:3     Depths (4/4) D:15            Zot (5/5) Depths:4
Gauntlet (visited)

Altars:
Ashenzari
Cheibriados
Dithmenos
Elyvilon
Fedhas
Gozag
Hepliaklqana
Kikubaaqudgha
Makhleb
Nemelex Xobeh
Okawaru
Qazlal
Ru
Sif Muna
Trog
Uskayaw
Vehumet
Wu Jian
Xom
Yredelemnul
Zin
The Shining One
Jiyva
Lugonu

Shops:
D:10 (   D:11 *   D:12 (   Orc:2 =**?   Shoals:4 [   Vaults:1 ?
Vaults:5 !??!??!?(?

Portals:
Hell: Depths:1 Depths:2 Depths:3 Depths:4
Abyss: Depths:1 Depths:3 Depths:4
Pandemonium: Depths:2 Depths:3 Depths:4
Ziggurat: Depths:4

Annotations:
D:4 exclusion: 2 downstairs
D:5 exclusion: downstairs
D:7 exclusion: downstairs
D:9 exclusion: 2 downstairs
Lair:1 exclusion: downstairs
Lair:2 exclusion: downstairs
Lair:4 exclusion: upstairs
Shoals:2 Polyphemus
Shoals:3 exclusion: downstairs
Spider:1 exclusion: downstairs
Spider:2 exclusion: downstairs
Spider:3 exclusion: downstairs
Vaults:2 exclusion: 2 downstairs
Vaults:4 exclusion: downstairs
Depths:3 exclusion: downstairs
Zot:1 exclusion: downstairs
Zot:3 exclusion: downstairs


Innate Abilities, Weirdness & Mutations

You are amphibious.
You cover ground slowly.
You can hop long distances.
You have an extended range of vision and can be seen from far away.
You have sharp toenails.
You have a somewhat thin skeletal structure. (Dex +2, Stealth+)
Your flesh is cold resistant. (rC+)


Message History

Aiming: Fire Storm (dangerous; 6% risk of failure)
Press: ? - help, Dir - move target, f - fire vortex, p - Orb Guardian
Aim: a fire vortex (flame, friendly)
You feel a surge of power!
You miscast Fire Storm.
You are very lightly contaminated with residual magic.
Sparks fly from your hands!
The Orb Guardian is engulfed in blazing flames.
Your fire vortex barely misses the Orb Guardian.
Casting: Fire Storm (dangerous; 6% risk of failure)
Confirm with . or Enter, or press ? or * to list all spells.
Aiming: Fire Storm (dangerous; 6% risk of failure)
Press: ? - help, Dir - move target, p - fire vortex You feel a surge of power!
A raging storm of fire appears!
The great blast of fire engulfs the Orb Guardian!!!!
You kill the Orb Guardian!
Vehumet accepts your kill.
You feel your power returning.
Training target 25.0 for Fighting reached!
Your Fighting skill increases to level 25!
You need to enable at least one skill for training.
Casting: Fire Storm (dangerous; 6% risk of failure)
Confirm with . or Enter, or press ? or * to list all spells.
You draw magical energy from your own body!
Casting: Sublimation of Blood (safe; 1% risk of failure)
Confirm with . or Enter, or press ? or * to list all spells.
You draw magical energy from your own body!
Your magical contamination has completely faded away.
There is an escape hatch in the floor here.
Aiming: Dig
Press: ? - help, Shift-Dir - straight line A rock wall.
This square is covered in magical glow.
The rock shatters into small pieces.
Aiming: Dig
Press: ? - help, Shift-Dir - straight line A rock wall.
This square is covered in magical glow.
The rock shatters into small pieces.
There is a staircase leading out of the dungeon here.
You have escaped!

#.# #.####.#.###....≈# #≈.≈
#)# #...........>...≈###≈.≈
#.########........##.≈≈≈≈≈.≈
#.......##.##.######........
#######..#.#.## #.≈≈≈≈≈.≈
#..##.## ####.≈###≈.≈
#..#.### #....≈# #≈.≈
#......####.##)≈###≈.≈
#..+.@.'.##.##.≈≈≈≈≈.≈
#.##...#.##.##........
#..######....##.≈≈≈≈≈.≈
#.#.##.# ###..##.≈###≈.≈
###.##.# ##.##.≈# #≈.≈
##...#.# #.##.≈###≈.≈
##......# #.##.≈≈≈≈≈.≈
#.......######.##........
#..............#####..###


There were no monsters in sight!

Vanquished Creatures
  A pandemonium lord (Zot:3)
  the Royal Jelly (Slime:5)
  A dread lich (Zot:5)
  9 orbs of fire
  Sojobo (Vaults:5)
  Vv (Depths:4)
  Parghit (Zot:1)
  5 Killer Klowns
  Saint Roka (Depths:1)
  9 golden dragons
  Arachne (Spider:4)
  A profane servitor (Depths:2)
  2 bone dragons
  An electric golem (Zot:5)
  Rupert (Lair:3)
  Mlioglotl (Shoals:2)
  13 tentacled monstrosities
  26 Orb Guardians
  An Ice Fiend (Zot:3)
  A walking crystal tome (Depths:3)
  2 liches
  3 titans (Vaults:5)
  4 quicksilver dragons
  A deep elf blademaster (Elf:3)
  8 acid blobs
  A deep elf master archer (Elf:3)
  7 death cobs
  2 sphinxes
  2 tentacled starspawn
  Agnes (Spider:4)
  Frances (Shoals:2)
  6 shadow dragons
  11 storm dragons
  The ghost of Qymaymp the Geomancer, an adept GrEE of Vehumet (D:14)
  3 draconian monks
  6 azure jellies
  8 rockslimes
  4 fire giants
  2 frost giants
  8 tengu reavers
  A balrug (D:5)
  2 deep elf sorcerers (Vaults:5)
  3 draconian shifters
  5 draconian knights
  9 draconian stormcallers
  3 draconian scorchers
  A deep elf elementalist (Elf:3)
  10 vault wardens
  7 ghost moths
  An orc warlord (Vaults:3)
  3 draconian annihilators
  5 ironbound thunderhulks
  14 ironbound preservers
  3 broodmothers
  7 stone giants
  A spriggan defender (Depths:3)
  11 very ugly things
  10 quicksilver oozes
  A vampire knight (Vaults:3)
  A war gargoyle (Vaults:5)
  3 starcursed masses
  5 deep elf demonologists
  8 green draconians
  13 purple draconians
  3 deep elf annihilators
  9 white draconians
  5 red draconians
  A lorocyproca (Zot:4)
  A dire elephant (Vaults:1)
  6 black draconians
  A minotaur (Gauntlet)
  4 yellow draconians
  2 pearl dragon zombies (Depths:2)
  5 merfolk impalers
  11 spark wasps
  Snorg (D:13)
  An entropy weaver (Spider:3)
  2 merfolk javelineers
  4 green deaths
  A blizzard demon (Zot:3)
  A formless jellyfish (Vaults:2)
  9 fire dragons
  A deep elf death mage (Vaults:5)
  3 jiangshi (Depths:3)
  6 ettins
  7 great orbs of eyes
  Josephine (Lair:3)
  4 deep elf high priests
  The ghost of Zocerawneb the Covert, a journeyman OpFi of Dithmenos (Lair:3)
  5 yaktaur captains
  11 ice dragons
  2 catoblepae
  2 spriggan air magi
  33 vault guards
  Erolcha (D:10)
  5 hydras
  An ogre mage (Vaults:5)
  A hell beast (Zot:2)
  4 ironbound frosthearts
  A merfolk avatar (Shoals:4)
  7 boulder beetles
  An anaconda (shapeshifter) (Vaults:5)
  2 jorogumos (Spider:4)
  5 centaur warriors
  2 merfolk aquamancers (Shoals:4)
  8 two-headed ogres
  An alligator snapping turtle (Shoals:3)
  11 dancing weapons
  2 deep troll shamans
  A satyr (Shoals:2)
  A tengu warrior (D:13)
  3 deep troll earth magi
  5 spriggan berserkers
  A thrashing horror (Abyss:2)
  A boulder beetle (shapeshifter) (D:15)
  6 death yaks
  2 vampire magi
  A spectral death yak (Lair:3)
  5 spriggans
  An iron troll (Depths:4)
  Sonja (Lair:3)
  10 deep elf knights
  9 sun demons
  3 skeletal warriors (D:15)
  A spatial maelstrom (Abyss:3)
  5 skysharks
  A pharaoh ant (Spider:1)
  4 sun moths (Spider:4)
  9 sea snakes
  A sea snake (shapeshifter) (D:15)
  A flayed ghost (Vaults:5)
  19 deep trolls
  2 shadow demons
  A swamp dragon (Lair:5)
  8 orb spiders
  3 glowing orange brains
  A wizard (Gauntlet)
  3 lindwurms
  3 orange crystal statues
  A spectral hydra (Lair:3)
  5 deep elf archers
  2 necromancers (Depths:3)
  12 ironbound convokers
  Pikel (D:7)
  6 orc knights
  4 large abominations
  6 deep elf zephyrmancers
  21 harpies
  15 wolf spiders
  15 deep elf pyromancers
  4 orc sorcerers
  3 phantasmal warriors
  A worldbinder (Abyss:2)
  32 ugly things
  12 manticores
  5 fauns (Shoals:2)
  8 cyclopes
  4 shining eyes
  6 elephants
  A guardian serpent (Abyss:3)
  34 moths of wrath
  An apis skeleton (Depths:2)
  A guardian serpent (shapeshifter) (D:11)
  2 rust devils
  6 black mambas
  5 merfolk sirens
  Joseph (D:7)
  4 eyes of devastation
  4 smoke demons
  4 demonic crawlers
  3 water nymphs
  2 vault sentinels
  2 unseen horrors
  6 cane toads
  10 torpor snails
  2 freezing wraiths (Vaults:5)
  2 efreet
  A hellion (Abyss:2)
  2 rime drakes (Lair:5)
  2 kobold demonologists (D:11)
  11 yaktaurs
  4 komodo dragons
  A tengu conjurer (D:13)
  2 ancient zymes (Abyss:2)
  A polar bear (Lair:5)
  9 meliai
  4 hellwings
  19 merfolk
  A queen bee (Lair:2)
  8 trolls
  2 wind drakes (Shoals:4)
  12 hornets
  A troll (shapeshifter) (D:12)
  27 tarantellas
  A hornet (shapeshifter) (Depths:2)
  3 tyrant leeches (Lair:5)
  4 blink frogs
  9 snapping turtles
  5 dream sheep
  A spectral dream sheep (Lair:3)
  45 slime creatures
  19 jumping spiders
  A ynoxinul (Zot:3)
  11 water elementals
  16 culicivoras
  An air elemental (Elf:1)
  5 wraiths
  3 shadows (D:12)
  26 yaks
  5 wyverns
  11 humans (D:14)
  A spectral komodo dragon (Lair:3)
  3 golden eyes (Slime:5)
  A fire elemental (Elf:1)
  3 basilisks
  2 neqoxecs (Abyss:3)
  5 steam dragons
  A death yak simulacrum (Lair:3)
  2 vampire mosquitoes (D:11)
  57 redbacks
  Menkaure (D:7)
  A catoblepas simulacrum (Lair:3)
  6 spatial vortices (Abyss:3)
  2 acid dragons (Lair:5)
  12 wargs
  26 water moccasins
  A hydra simulacrum (Lair:3)
  An acid dragon (shapeshifter) (Elf:1)
  A nameless horror (Shoals:4)
  2 floating eyes
  A floating eye (shapeshifter) (Depths:4)
  A hell hound (D:11)
  A sky beast (D:8)
  A swamp drake (shapeshifter) (Vaults:5)
  42 orc warriors
  A swamp drake (Lair:5)
  3 black bears
  10 ogres
  A boggart (D:14)
  22 wolves
  25 centaurs
  8 kobold brigands
  3 lemures
  3 phantoms
  8 bullfrogs
  4 earth elementals (Elf:1)
  7 gnoll sergeants
  7 wights
  A hornet simulacrum (D:15)
  31 killer bees
  2 troll zombies (D:12)
  4 howler monkeys
  A crimson imp (D:3)
  20 orc priests
  A jelly (shapeshifter) (Vaults:5)
  4 gnoll boudas
  6 hounds
  4 jellies
  12 iguanas
  4 hell rats (Lair:5)
  Natasha (thrice) (D:3)
  20 orc wizards
  3 ogre zombies (D:12)
  3 small abominations
  18 gnolls
  8 adders
  3 shadow imps
  2 white imps
  An ufetubus (D:6)
  2 worms
  3 dart slugs
  53 orcs
  9 ball pythons
  9 endoplasms
  A giant cockroach (D:4)
  5 hobgoblins
  12 jackals
  2 quokkas
  2 bats
  A frilled lizard (D:2)
  4 goblins
  3 goblin skeletons (D:3)
  2 goblin zombies
  2 hobgoblin skeletons (D:12)
  2 hobgoblin zombies
  18 kobolds
  A kobold skeleton (D:3)
  A kobold zombie (D:3)
  An orc skeleton (D:3)
  15 orc zombies
  6 rats
  2 fire vortices (Zot:5)
  A starspawn tentacle (Abyss:2)
1703 creatures vanquished.

Vanquished Creatures (collateral kills)
  A dread lich (Vaults:5)
  A juggernaut (Depths:3)
  A golden dragon (Zot:1)
  A bone dragon (Zot:2)
  An electric golem (Zot:5)
  A tentacled monstrosity (Zot:5)
  2 Orb Guardians (Zot:5)
  Asterion (Lair:2)
  6 acid blobs
  2 quicksilver dragons
  A deep elf blademaster (Elf:3)
  A titan (Vaults:5)
  2 death cobs
  A sphinx (Vaults:5)
  A tengu reaver (Vaults:1)
  4 shadow dragons
  A revenant (Vaults:3)
  A rockslime (Slime:2)
  4 storm dragons
  4 frost giants
  9 fire giants
  A balrug (Depths:2)
  6 vault wardens
  An emperor scorpion (Spider:4)
  3 deep elf sorcerers (Elf:3)
  8 ironbound preservers
  A ghoul (Vaults:3)
  4 deep elf elementalists (Elf:3)
  A ghost moth (Spider:3)
  A draconian shifter (Zot:2)
  A war gargoyle (Vaults:5)
  An orc warlord (Vaults:1)
  5 stone giants
  3 very ugly things
  A broodmother (Spider:3)
  3 ironbound thunderhulks
  A draconian annihilator (Depths:4)
  A vampire knight (Depths:3)
  2 yellow draconians
  3 deep elf demonologists (Elf:3)
  2 green draconians
  3 deep elf annihilators (Elf:3)
  2 dire elephants (Vaults:4)
  A black draconian (Zot:2)
  2 white draconians (Zot:2)
  4 purple draconians
  2 spark wasps
  6 red draconians
  4 ettins
  4 deep elf death magi
  3 formless jellyfish
  An eidolon (Vaults:3)
  2 fire dragons
  2 merfolk javelineers
  An entropy weaver (shapeshifter) (Vaults:5)
  4 deep elf high priests
  5 entropy weavers
  2 great orbs of eyes
  4 merfolk impalers (Shoals:4)
  A rakshasa (Depths:2)
  2 yaktaur captains
  3 vault guards
  An alligator snapping turtle (Shoals:4)
  2 boulder beetles
  2 merfolk avatars (Shoals:4)
  5 ice dragons
  A death knight (Depths:2)
  2 merfolk aquamancers (Shoals:4)
  7 ironbound frosthearts
  2 jorogumos
  A catoblepas (shapeshifter) (Depths:2)
  31 dancing weapons
  2 tengu warriors (Depths:2)
  An orc high priest (Elf:1)
  3 hell hogs (Depths:2)
  A deep troll earth mage (Depths:2)
  4 deep troll shamans
  2 spriggan berserkers
  3 hell knights (Depths:3)
  5 deep elf knights
  A soul eater (Depths:3)
  2 iron trolls
  2 sun moths (Spider:4)
  34 deep trolls
  A glowing orange brain (Vaults:4)
  2 pharaoh ants
  7 orb spiders
  A sea snake (Shoals:4)
  9 steelbarb worms
  9 ironbound convokers
  10 deep elf archers
  3 lindwurms (Vaults:2)
  A necromancer (Depths:1)
  2 wizards
  3 ugly things
  15 deep elf pyromancers
  2 stone giant zombies (Depths:1)
  A frost giant zombie (Depths:1)
  19 deep elf zephyrmancers
  A phantasmal warrior (Vaults:5)
  An orc sorcerer (Elf:1)
  5 wolf spiders
  6 harpies (Shoals:4)
  2 cyclopes (Shoals:4)
  A manticore (Shoals:4)
  5 moths of wrath
  5 merfolk sirens (Shoals:4)
  6 vault sentinels
  A smoke demon (Depths:2)
  3 apis skeletons (Depths:2)
  3 water nymphs (Shoals:4)
  A fire giant skeleton (Depths:1)
  2 torpor snails
  4 demonic crawlers
  7 yaktaurs
  An efreet (Abyss:2)
  A freezing wraith (Vaults:3)
  A harpy zombie (Abyss:3)
  A troll (Elf:3)
  A troll (shapeshifter) (Elf:2)
  2 wind drakes (Shoals:4)
  6 merfolk (Shoals:4)
  A blink frog (shapeshifter) (Vaults:5)
  4 dream sheep (Shoals:4)
  8 tarantellas
  7 slime creatures
  8 culicivoras
  7 jumping spiders
  5 water elementals
  A fire bat (shapeshifter) (Vaults:5)
  A fire elemental (Elf:3)
  2 nameless horrors
  A neqoxec (Abyss:3)
  16 redbacks
  A yak (shapeshifter) (Elf:2)
  A spatial vortex (Abyss:3)
  An orc warrior (Elf:3)
  3 earth elementals (Elf:3)
  A small abomination (Abyss:3)
  An orc priest (Depths:1)
  An orc wizard (Elf:3)
  2 orcs (Elf:3)
  18 fire vortices
508 creatures vanquished.

Vanquished Creatures (others)
  A deep elf master archer (Elf:3)
  A storm dragon (Zot:3)
  An ironbound preserver (Vaults:2)
  A stone giant (Depths:3)
  A dire elephant (Vaults:4)
  An ettin (Depths:3)
  A yaktaur captain (Vaults:3)
  An entropy weaver (Spider:3)
  An ironbound frostheart (Vaults:2)
  A dancing weapon (Elf:1)
  An orc high priest (Elf:3)
  A pharaoh ant (Spider:3)
  A sun moth (Lair:2)
  An ironbound convoker (Vaults:2)
  A deep elf zephyrmancer (Elf:3)
  A wolf spider (Spider:4)
  A deep elf pyromancer (Elf:1)
  A water elemental (Elf:1)
  An orc warrior (Orc:2)
  An orc (Orc:2)
  272 fire vortices
  A starspawn tentacle (Abyss:2)
293 creatures vanquished.

Grand Total: 2504 creatures vanquished

Notes
Turn   | Place    | Note
-------+----------+-------------------------------------------
     0 | D:1      | Chodeload the Barachi Wanderer began the quest for the Orb.
     0 | D:1      | Chodeload set off with the following items: a +0 club, a
                  | potion of berserk rage, a +0 robe, a +0 helmet; and the
                  | following spell memorised: Shock; and the following spells
                  | available to memorise: Cigotuvi's Dreadful Rot, Sublimation
                  | of Blood, Mephitic Cloud.
     0 | D:1      | Reached XP level 1. HP: 15/15 MP: 4/4
   177 | D:1      | Found a faded altar of an unknown god.
   408 | D:1      | Reached XP level 2. HP: 16/22 MP: 3/6
   492 | D:1      | Reached skill level 1 in Conjurations
   721 | D:1      | Reached skill level 2 in Fighting
  1256 | D:2      | Reached XP level 3. HP: 16/27 MP: 7/7
  2149 | D:3      | HP: 1/28 [orc priest/+0 mace (4)]
  2151 | D:3      | Reached skill level 3 in Fighting
  2151 | D:3      | Reached XP level 4. HP: 2/35 MP: 0/8
  2359 | D:3      | Noticed Natasha
  2370 | D:3      | Killed Natasha
  2389 | D:3      | Reached XP level 5. HP: 32/41 MP: 4/9
  2460 | D:3      | Identified the +7 dagger of Qixic {vamp, rPois Int+3 Dex-3}
  2769 | D:3      | Noticed Natasha
  2773 | D:3      | Killed Natasha
  2819 | D:3      | Noticed Natasha
  2828 | D:3      | Killed Natasha
  2870 | D:3      | Found a glowing golden altar of the Shining One.
  2912 | D:3      | Reached XP level 6. HP: 47/47 MP: 5/10
  2991 | D:3      | Reached skill level 5 in Conjurations
  3295 | D:4      | Learned a level 2 spell: Blink
  3570 | D:4      | Reached skill level 5 in Air Magic
  3646 | D:4      | Reached skill level 1 in Translocations
  3949 | D:4      | Reached XP level 7. HP: 52/52 MP: 11/13
  3995 | D:4      | Found a staircase to the Ecumenical Temple.
  4001 | Temple   | Entered the Ecumenical Temple
  4344 | D:5      | Entered Level 5 of the Dungeon
  4469 | D:5      | Found a white marble altar of Elyvilon.
  4909 | D:5      | Learned a level 2 spell: Momentum Strike
  5034 | D:5      | Reached skill level 5 in Translocations
  5354 | D:5      | Reached XP level 8. HP: 58/58 MP: 8/14
  6315 | D:6      | Found an iron altar of Okawaru.
  6416 | D:6      | Noticed a yak
  6418 | D:6      | Noticed a yak
  6418 | D:6      | Noticed a yak
  6418 | D:6      | Noticed a yak
  6418 | D:6      | Noticed a yak
  6553 | D:7      | Noticed a wyvern
  6583 | D:7      | Found a sacrificial altar of Ru.
  6630 | D:7      | Found a hide-covered altar of Uskayaw.
  6630 | D:7      | Found a blossoming altar of Fedhas.
  6630 | D:7      | Identified the amulet "Umysehio" {Acrobat Drain rF++ SInv}
  6722 | D:7      | Learned a level 3 spell: Mephitic Cloud
  6731 | D:7      | Reached XP level 9. HP: 63/63 MP: 8/15
  6759 | D:7      | Noticed Menkaure
  6798 | D:7      | Noticed Pikel
  6866 | D:6      | Reached skill level 10 in Conjurations
  7003 | D:7      | Killed Menkaure
  7022 | D:7      | Found a radiant altar of Vehumet.
  7031 | D:7      | Became a worshipper of Vehumet
  7635 | D:7      | Found a snail-covered altar of Cheibriados.
  7640 | D:7      | Found an ornate altar of the Wu Jian Council.
  7641 | D:7      | Found a stormy altar of Qazlal.
  7723 | D:7      | Found a broken altar of Ashenzari.
  7730 | D:7      | Killed Pikel
  7755 | D:7      | Noticed Joseph
  7784 | D:7      | Killed Joseph
  8026 | D:8      | Noticed a troll
  8041 | D:8      | Killed a troll
  8042 | D:8      | Reached skill level 1 in Armour
  8042 | D:8      | Reached skill level 1 in Dodging
  8147 | D:8      | Learned a level 3 spell: Stone Arrow
  8369 | D:8      | Noticed a troll
  8374 | D:8      | Killed a troll
  8375 | D:8      | Reached XP level 10. HP: 56/71 MP: 0/16
  8504 | D:8      | Found the +1 robe of Vines {NoPotionHeal Regen++++}
  8510 | D:8      | Noticed a two-headed ogre
  8531 | D:8      | Noticed a seven-headed hydra
  8600 | D:9      | Reached skill level 4 in Fighting
  8600 | D:9      | Reached skill level 1 in Earth Magic
  8761 | D:9      | Identified the +7 falchion "Newtbane" {chaos, rC++ MP+9}
  8768 | D:9      | Reached * piety under Vehumet
  8768 | D:9      | Offered knowledge of Magic Dart by Vehumet.
  9018 | D:8      | Reached skill level 5 in Spellcasting
  9127 | D:8      | Found a hazy altar of Hepliaklqana.
  9416 | D:8      | Reached skill level 5 in Fighting
  9708 | D:9      | Found a shimmering blue altar of Sif Muna.
  9812 | D:9      | Found a burning altar of Makhleb.
  9907 | D:9      | Learned a level 4 spell: Iskenderun's Mystic Blast
  9920 | D:10     | Entered Level 10 of the Dungeon
 10020 | D:10     | Noticed Erolcha
 10020 | D:10     | Noticed an unseen horror
 10223 | D:9      | Reached ** piety under Vehumet
 10223 | D:9      | Offered knowledge of Searing Ray by Vehumet.
 10342 | D:10     | Killed an unseen horror
 10343 | D:10     | Reached skill level 1 in Long Blades
 10459 | D:10     | Noticed a two-headed ogre
 10472 | D:10     | Killed a two-headed ogre
 10673 | D:10     | Reached skill level 6 in Fighting
 10673 | D:10     | Reached skill level 5 in Armour
 10758 | D:10     | Reached XP level 11. HP: 81/81 MP: 20/20
 10766 | D:11     | Found a gate leading to a gauntlet.
 10802 | Gauntlet | Entered a Gauntlet
 10802 | Gauntlet | Found a transporter.
 10809 | Gauntlet | Noticed a soul eater
 10810 | Gauntlet | Found a transporter.
 10825 | Gauntlet | Found a transporter.
 10827 | Gauntlet | Found a large runed translucent door.
 10828 | Gauntlet | Found a large runed translucent door.
 10829 | Gauntlet | Found a large runed translucent door.
 10829 | Gauntlet | Found a large runed translucent door.
 10829 | Gauntlet | Found a runed translucent door.
 10830 | Gauntlet | Found a transporter.
 10830 | Gauntlet | Found a large runed translucent door.
 10831 | Gauntlet | Found a runed translucent door.
 10832 | Gauntlet | Found a large runed translucent door.
 10832 | Gauntlet | Found a large runed translucent door.
 10832 | Gauntlet | Found a large runed translucent door.
 10833 | Gauntlet | Found a large runed translucent door.
 10834 | Gauntlet | Found a large runed translucent door.
 10840 | Gauntlet | Found a large runed translucent door.
 10840 | Gauntlet | Found a large runed translucent door.
 10841 | Gauntlet | Found a large runed translucent door.
 10841 | Gauntlet | Found a large runed translucent door.
 10841 | Gauntlet | Found a large runed translucent door.
 10841 | Gauntlet | Found a large runed translucent door.
 10842 | Gauntlet | Found a runed translucent gate.
 10842 | Gauntlet | Found a runed translucent gate.
 10842 | Gauntlet | Found a runed translucent gate.
 10844 | Gauntlet | Noticed an orange crystal statue
 10845 | Gauntlet | Found a transporter.
 10861 | Gauntlet | Noticed a cacodemon
 10864 | Gauntlet | Found a transporter.
 10872 | Gauntlet | Noticed a death drake
 10876 | Gauntlet | Found a transporter.
 10887 | Gauntlet | Noticed a sixfirhy
 10888 | Gauntlet | Found a transporter.
 10888 | Gauntlet | Noticed a sixfirhy
 10891 | Gauntlet | Noticed a sixfirhy
 10891 | Gauntlet | Noticed a sixfirhy
 10900 | Gauntlet | Found a transporter.
 10905 | Gauntlet | Noticed a green death
 10909 | Gauntlet | Noticed a wizard
 10909 | Gauntlet | Noticed a wizard
 10912 | Gauntlet | Found a transporter.
 10913 | Gauntlet | Found the +1 cloak of Starlight {*Dazzle EV+4 Stlth--}
 10929 | Gauntlet | Found a transporter.
 10929 | Gauntlet | Found a transporter.
 10965 | Gauntlet | Found a transporter.
 10985 | Gauntlet | Found a transporter.
 11060 | Gauntlet | Found a transporter.
 11060 | Gauntlet | Found the -2 hat of the Alchemist {rElec rPois rF+ rC+ rN+
                  | Will+ rMut rCorr}
 11062 | Gauntlet | Noticed a moth of wrath
 11079 | Gauntlet | Noticed a wizard
 11089 | Gauntlet | Found a transporter.
 11122 | Gauntlet | Killed a wizard
 11123 | Gauntlet | Reached skill level 5 in Dodging
 11136 | Gauntlet | Found a transporter.
 11140 | Gauntlet | Found a transporter.
 11224 | Gauntlet | Identified the +0 hat "Ytanul" {Rampage Will+ Dex-3}
 11237 | Gauntlet | Noticed a minotaur
 11258 | Gauntlet | HP: 4/121 [minotaur/+1 dagger of venom (15)]
 11259 | Gauntlet | Killed a minotaur
 11508 | D:11     | Found Piupia's Assorted Antiques.
 11573 | D:11     | Found a staircase to the Lair.
 11639 | D:11     | Noticed a cyclops
 11841 | D:10     | Found Ituf's Weapon Shoppe.
 12011 | D:10     | Found a basalt altar of Yredelemnul.
 12064 | D:10     | Killed Erolcha
 12169 | D:11     | Reached skill level 10 in Dodging
 12183 | D:11     | Noticed a manticore
 12206 | D:11     | Killed a cyclops
 12454 | Lair:1   | Entered Level 1 of the Lair of Beasts
 12850 | D:11     | Noticed a two-headed ogre
 12872 | D:11     | Killed a two-headed ogre
 13258 | D:11     | Offered knowledge of Dazzling Flash by Vehumet.
 13467 | D:11     | Noticed a two-headed ogre
 13473 | D:11     | Killed a two-headed ogre
 13474 | D:11     | Reached XP level 12. HP: 54/88 MP: 9/21
 13624 | D:10     | Reached skill level 15 in Dodging
 13639 | D:11     | Reached *** piety under Vehumet
 13985 | D:11     | Reached skill level 7 in Fighting
 14268 | D:11     | Offered knowledge of Hailstorm by Vehumet.
 14493 | D:11     | Noticed a two-headed ogre
 14501 | D:11     | Killed a two-headed ogre
 15233 | Lair:1   | Reached skill level 8 in Fighting
 15233 | Lair:1   | Reached skill level 1 in Shields
 15665 | Lair:1   | Reached **** piety under Vehumet
 16179 | Lair:2   | Identified the +0 robe of Ferocious Leaves {Harm Regen+}
 16181 | Lair:2   | Found a hole to the Spider Nest.
 16201 | Lair:2   | Reached skill level 5 in Shields
 16345 | Lair:2   | Offered knowledge of Arcjolt by Vehumet.
 16352 | Lair:2   | Learned a level 5 spell: Arcjolt
 16430 | Lair:2   | Noticed a four-headed hydra
 16440 | Lair:2   | Killed a four-headed hydra
 16672 | Lair:2   | Noticed a boulder beetle
 16687 | Lair:2   | Killed a boulder beetle
 16753 | Lair:2   | Gained mutation: You can hop long distances. [Barachi
                  | growth]
 16753 | Lair:2   | Reached XP level 13. HP: 75/98 MP: 5/22
 16939 | Lair:3   | Noticed Rupert
 17038 | Lair:2   | Identified a scroll of acquirement
 17039 | Lair:2   | Acquired a staff of conjuration
 17502 | Lair:3   | Found a runed translucent gate.
 17504 | Lair:3   | Found a runed translucent gate.
 17504 | Lair:3   | Found a runed translucent gate.
 17891 | Lair:3   | Found a staircase to the Shoals.
 17913 | Lair:3   | Reached ***** piety under Vehumet
 18114 | Lair:2   | Offered knowledge of Plasma Beam by Vehumet.
 18541 | Lair:3   | Noticed Zocerawneb's ghost (journeyman OpFi)
 18721 | Lair:3   | Noticed Sonja
 18779 | Lair:3   | Killed Rupert
 18787 | Lair:3   | Learned a level 6 spell: Plasma Beam
 19138 | Lair:4   | Reached skill level 10 in Air Magic
 19154 | Lair:4   | Reached skill level 1 in Fire Magic
 19232 | Lair:5   | Entered Level 5 of the Lair of Beasts
 19288 | Lair:4   | Found a staircase to the Slime Pits.
 19289 | Lair:4   | Found a viscous altar of Jiyva.
 19379 | Lair:4   | Identified the +7 long sword of the Lonely Thickets {heavy,
                  | rCorr Str+2 Stlth+}
 19951 | Lair:4   | Reached skill level 5 in Fire Magic
 20042 | Lair:4   | Found the +8 whip "Snakebite" {venom, curare, rPois}
 20393 | Lair:5   | Found a runed translucent door.
 20393 | Lair:5   | Noticed an ice dragon
 20434 | Lair:5   | Reached skill level 1 in Maces & Flails
 20822 | Lair:5   | Identified the ring "Kinodimy" {rF- rC+ rCorr AC+4 Slay+3}
 21041 | Lair:5   | Reached XP level 14. HP: 89/105 MP: 24/24
 21090 | Lair:5   | Offered knowledge of Airstrike by Vehumet.
 21549 | Lair:5   | Learned a level 5 spell: Fireball
 21990 | Lair:5   | Reached skill level 10 in Fire Magic
 22274 | Lair:3   | Killed Sonja
 22967 | Lair:3   | Killed Zocerawneb's ghost
 23510 | D:12     | Found Fesoa's Weapon Emporium.
 23630 | D:12     | Reached skill level 5 in Maces & Flails
 23975 | D:12     | Found a staircase to the Orcish Mines.
 24127 | Orc:1    | Entered Level 1 of the Orcish Mines
 24388 | Orc:2    | Entered Level 2 of the Orcish Mines
 24569 | Orc:2    | Reached skill level 9 in Fighting
 24937 | Orc:2    | Offered knowledge of Spellforged Servitor by Vehumet.
 24941 | Orc:2    | Reached XP level 15. HP: 113/113 MP: 4/25
 25065 | Orc:2    | Found Wiginac's General Store.
 25065 | Orc:2    | Found Xungur's Assorted Antiques.
 25065 | Orc:2    | Found Eterghyox's Magic Scroll Shop.
 25105 | Orc:2    | Found Suluh's Jewellery Emporium.
 25109 | Orc:2    | Bought a scroll of identify for 22 gold pieces
 25111 | Orc:2    | Bought a scroll of identify for 50 gold pieces
 25221 | Orc:2    | Bought a scroll of identify for 30 gold pieces
 25221 | Orc:2    | Bought a scroll of identify for 30 gold pieces
 25524 | Orc:2    | Found a staircase to the Elven Halls.
 25680 | D:12     | Upgraded the game from 0.31-a0-83-gbff143cfd1 to
                  | 0.31-a0-95-g6fa058ef04
 25917 | D:13     | You fall into a shaft and drop 2 floors!
 25917 | D:15     | Entered Level 15 of the Dungeon
 25954 | D:15     | Reached skill level 10 in Fighting
 26037 | D:15     | Noticed a fire giant
 26038 | D:15     | Found a staircase to the Depths.
 26042 | D:15     | Killed a fire giant
 26430 | D:14     | Found a gate to the Vaults.
 26531 | D:13     | Noticed Snorg
 26541 | D:13     | Killed Snorg
 26866 | D:13     | Learned a level 7 spell: Spellforged Servitor
 27365 | D:13     | Reached skill level 1 in Summonings
 27653 | D:15     | Offered knowledge of Starburst by Vehumet.
 27846 | D:14     | Found a transporter.
 27857 | D:14     | Noticed Qymaymp's ghost (adept GrEE)
 27858 | D:14     | Found a transporter.
 28092 | D:15     | Reached skill level 5 in Summonings
 28766 | Shoals:1 | Entered Level 1 of the Shoals
 28767 | Shoals:1 | Noticed Josephine
 28880 | Lair:3   | Killed Josephine
 28990 | Lair:3   | Reached XP level 16. HP: 122/122 MP: 4/29
 29374 | Shoals:2 | Noticed Polyphemus
 29596 | Shoals:2 | Reached skill level 10 in Summonings
 29871 | Shoals:2 | Noticed Frances
 29877 | Shoals:2 | Killed Frances
 30153 | Shoals:2 | Identified the +4 broad axe of the Nurturing Scorpion
                  | {venom, rF+ Will++ rCorr Stlth+}
 30280 | Shoals:2 | Noticed Mlioglotl
 30517 | Shoals:2 | Killed Mlioglotl
 31022 | Shoals:3 | Reached ****** piety under Vehumet
 31100 | Shoals:4 | Entered Level 4 of the Shoals
 31592 | Shoals:4 | Offered knowledge of Leda's Unmaking by Vehumet.
 31919 | Shoals:4 | Reached XP level 17. HP: 128/128 MP: 3/30
 32262 | Shoals:4 | Reached skill level 15 in Summonings
 32273 | Shoals:4 | Reached skill level 10 in Spellcasting
 32782 | Shoals:4 | Found Zeleczips's Antique Armour Shoppe.
 32798 | Shoals:4 | Bought an embroidered cloak for 225 gold pieces
 32867 | Shoals:4 | Got a barnacled rune of Zot
 32895 | Shoals:4 | Reached skill level 15 in Conjurations
 33048 | Spider:1 | Entered Level 1 of the Spider Nest
 33048 | Spider:1 | Noticed Asterion
 33062 | Lair:1   | HP: 5/128 [poisoned by a redback]
 33255 | Elf:1    | Entered Level 1 of the Elven Halls
 33291 | Elf:1    | Paralysed by an air elemental for 1 turns
 33389 | Elf:1    | Found a flickering gateway to a bazaar.
 33412 | Bazaar   | Entered a bazaar
 33412 | Bazaar   | Found Wuze's Magic Scroll Shoppe.
 33412 | Bazaar   | Found Hyfib's Distillery.
 33413 | Bazaar   | Found Cifoarhi's Distillery.
 33413 | Bazaar   | Found Zamunaeh's Book Emporium.
 33439 | Bazaar   | Bought a scroll of amnesia for 36 gold pieces
 33439 | Bazaar   | Bought a scroll of blinking for 67 gold pieces
 33443 | Bazaar   | Bought a potion of cancellation for 136 gold pieces
 33443 | Bazaar   | Bought a potion of curing for 51 gold pieces
 33443 | Bazaar   | Bought a potion of curing for 51 gold pieces
 33447 | Bazaar   | Bought a scroll of enchant weapon for 67 gold pieces
 33447 | Bazaar   | Bought a scroll of magic mapping for 67 gold pieces
 33453 | Bazaar   | Bought a potion of invisibility for 104 gold pieces
 33453 | Bazaar   | Bought a potion of magic for 104 gold pieces
 33453 | Bazaar   | Bought a potion of might for 52 gold pieces
 33471 | Bazaar   | Bought 2 potions of brilliance for 136 gold pieces
 33471 | Bazaar   | Bought a potion of brilliance for 68 gold pieces
 33485 | Bazaar   | Bought a book of Death for 396 gold pieces
 33485 | Bazaar   | Bought the Codex of Wintry Bodies for 378 gold pieces
 33679 | Elf:1    | Learned a level 7 spell: Orb of Destruction
 33780 | Elf:1    | Reached skill level 11 in Fighting
 35056 | Elf:2    | Noticed an Executioner
 35114 | Elf:2    | Reached XP level 18. HP: 132/138 MP: 17/33
 35238 | Elf:3    | Entered Level 3 of the Elven Halls
 35312 | Elf:3    | Offered knowledge of Freezing Cloud by Vehumet.
 35341 | Elf:3    | Acquired the ring of Ucuiff {rElec rPois rF+ Will+ Int+4}
 35452 | Elf:2    | Found a radiant altar of Vehumet.
 36193 | Elf:3    | Noticed a Tzitzimitl
 36316 | Elf:3    | Identified the staff of cold "Ciymior" {rElec rC+}
 36316 | Elf:3    | Noticed a deep elf blademaster
 36322 | Elf:3    | Killed a deep elf blademaster
 36323 | Elf:3    | Noticed a deep elf blademaster
 36336 | Elf:3    | Killed a deep elf blademaster
 36349 | Elf:3    | Learned a level 5 spell: Freezing Cloud
 36364 | Elf:3    | Noticed a deep elf master archer
 36395 | Elf:3    | Killed a deep elf master archer
 36598 | Elf:3    | Identified the ring of Hucwul {Fly rCorr Str+6 Int+6
                  | Stlth-}
 36602 | Elf:3    | Identified the +8 trident "Tuarang" {freeze, Fly Str+5
                  | Dex+3 SInv}
 36635 | Elf:3    | Identified the orb "Tulyev" {*Rage, SInv}
 36639 | Elf:3    | Reached skill level 12 in Fighting
 36858 | Elf:3    | Identified the amulet of Wesiff {Faith rF- rCorr SInv
                  | Stlth+}
 36858 | Elf:3    | Noticed a deep elf master archer
 36861 | Elf:3    | Killed a deep elf master archer
 37002 | Elf:3    | Identified the +0 leather armour of the Seven Tables {rElec
                  | rC- Int+8}
 37017 | Elf:3    | Got the Atlas of the Map and the Crater
 37091 | Elf:3    | Identified the staff of poison "Kirir" {rElec rPois rC-
                  | Int-4 Dex+6}
 37094 | Elf:3    | Identified the staff of cold "Feriurr" {rF- rC+ rCorr
                  | Dex+2}
 37116 | Elf:3    | Identified the staff of conjuration "Wuroatwoi" {*Corrode
                  | rElec rC++ rN+++}
 37228 | Elf:2    | Reached skill level 13 in Fighting
 37234 | Elf:2    | Found a large runed translucent door.
 37234 | Elf:2    | Found a large runed translucent door.
 37262 | Elf:2    | Found a large runed translucent door.
 37262 | Elf:2    | Found a large runed translucent door.
 37307 | Elf:2    | Reached skill level 1 in Evocations
 37735 | Elf:2    | Reached XP level 19. HP: 150/150 MP: 26/36
 38246 | Vaults:1 | Entered Level 1 of the Vaults
 38317 | Vaults:1 | Offered knowledge of Ignition by Vehumet.
 38336 | Vaults:1 | Found Denlarim's Magic Scroll Shoppe.
 38342 | Vaults:1 | Bought a scroll of acquirement for 884 gold pieces
 38342 | Vaults:1 | Acquired 957 gold pieces
 38344 | Vaults:1 | Bought a scroll of fog for 68 gold pieces
 38523 | Vaults:1 | Reached skill level 14 in Fighting
 38743 | Vaults:1 | Learned a level 8 spell: Ignition
 40049 | Vaults:2 | Reached skill level 15 in Fire Magic
 40901 | Vaults:4 | Found a flickering gateway to a bazaar.
 40921 | Bazaar   | Entered a bazaar
 40935 | Bazaar   | Found Qowunips's Antique Weapon Emporium.
 40952 | Bazaar   | Found Temaes's Antique Weapon Emporium.
 40968 | Bazaar   | Found Meuhoat's Antique Armour Shoppe.
 40985 | Bazaar   | Found Jorghyrgh's Antique Weapon Emporium.
 40985 | Bazaar   | Found Giydo's General Store.
 41017 | Bazaar   | Bought a potion of berserk rage for 40 gold pieces
 41017 | Bazaar   | Bought a scroll of enchant armour for 60 gold pieces
 41017 | Bazaar   | Bought a potion of enlightenment for 40 gold pieces
 41017 | Bazaar   | Bought a scroll of summoning for 76 gold pieces
 41031 | Bazaar   | Bought a shiny orb for 264 gold pieces
 41032 | Bazaar   | Bought an embroidered scarf for 176 gold pieces
 41523 | Vaults:5 | Entered Level 5 of the Vaults
 41523 | Vaults:5 | Noticed a tentacled monstrosity
 41809 | Vaults:3 | Reached XP level 20. HP: 159/159 MP: 29/37
 41950 | Vaults:3 | Found a staircase to the Crypt.
 42168 | Vaults:3 | Offered knowledge of Fire Storm by Vehumet.
 42168 | Vaults:3 | Offered knowledge of Shatter by Vehumet.
 42168 | Vaults:3 | Offered knowledge of Chain Lightning by Vehumet.
 44758 | Lair:2   | Killed Asterion
 44888 | Lair:2   | Acquired the amulet of Miracles {RegenMP +Inv Int+3 Dex+4}
 45709 | Spider:2 | Identified the +0 plate armour of the First Beds {rN++
                  | Will- Stlth+}
 45908 | Spider:2 | Reached XP level 21. HP: 165/165 MP: 29/38
 46034 | Spider:2 | Identified the +1 plate armour of Hedging {Dex+3}
 46210 | Spider:2 | You are sucked into a shaft and drop 1 floor!
 47244 | Spider:4 | Entered Level 4 of the Spider Nest
 47486 | Spider:3 | Found a runed translucent door.
 48440 | Spider:4 | Noticed Arachne
 48455 | Spider:4 | Killed Arachne
 49093 | Spider:4 | Noticed Agnes
 49100 | Spider:4 | Killed Agnes
 49453 | Spider:4 | Identified the -2 pair of boots "Xinge" {Str+3}
 50274 | Spider:4 | Got a gossamer rune of Zot
 50767 | Depths:1 | Entered Level 1 of the Depths
 50796 | Depths:1 | Noticed Saint Roka
 50802 | Depths:1 | Killed Saint Roka
 51297 | Depths:1 | Reached XP level 22. HP: 172/172 MP: 35/39
 51523 | Depths:1 | Found a hazy altar of Hepliaklqana.
 51966 | Depths:1 | Found a corrupted altar of Lugonu.
 51966 | Depths:1 | Found a one-way gate to the infinite horrors of the Abyss.
 52287 | Depths:1 | Found a gateway to Hell.
 52737 | Depths:3 | Found a flickering gateway to a bazaar.
 52761 | Bazaar   | Entered a bazaar
 52761 | Bazaar   | Found Umpuxe's Antique Armour Boutique.
 52767 | Bazaar   | Found Idwyacod's Distillery.
 52768 | Bazaar   | Found Cuqat's Antique Weapon Shoppe.
 52786 | Bazaar   | Found Xeupseem's Book Boutique.
 52802 | Bazaar   | Found Nejeec's General Store.
 52814 | Bazaar   | Bought a potion of curing for 30 gold pieces
 52814 | Bazaar   | Bought a scroll of brand weapon for 95 gold pieces
 52814 | Bazaar   | Bought a scroll of enchant weapon for 75 gold pieces
 52836 | Bazaar   | Bought a potion of invisibility for 80 gold pieces
 52836 | Bazaar   | Bought a potion of might for 40 gold pieces
 52836 | Bazaar   | Bought a potion of curing for 30 gold pieces
 52836 | Bazaar   | Bought a potion of curing for 30 gold pieces
 52836 | Bazaar   | Bought a potion of curing for 30 gold pieces
 52848 | Bazaar   | Bought a book of Burglary for 280 gold pieces
 52897 | Depths:3 | Found a one-way gate leading to the halls of Pandemonium.
 53258 | Depths:2 | Found a basalt altar of Yredelemnul.
 53277 | Depths:2 | Noticed a profane servitor
 53293 | Depths:2 | Killed a profane servitor
 53431 | Depths:2 | Found the +10 Black Knight's barding {ponderous, rPois rN+}
 53609 | Depths:2 | Learned a level 9 spell: Fire Storm
 54400 | Depths:4 | Entered Level 4 of the Depths
 54431 | Depths:3 | Found a portal to a secret trove of treasure.
 54679 | Depths:3 | You are sucked into a shaft and drop 1 floor!
 55117 | Depths:3 | Reached XP level 23. HP: 178/178 MP: 17/40
 55358 | Depths:3 | Noticed a juggernaut
 55362 | Depths:3 | Killed a juggernaut
 55365 | Depths:3 | Noticed a golden dragon
 55379 | Depths:3 | Killed a golden dragon
 56166 | Depths:4 | Found a one-way gateway to a ziggurat.
 56458 | Depths:4 | Found a gate to the Realm of Zot.
 56458 | Depths:4 | Noticed a golden dragon
 56482 | Depths:4 | Killed a golden dragon
 57204 | D:14     | Killed Qymaymp's ghost
 57218 | D:14     | Identified the ring "Bimu Hetz" {rC+ Will+ rCorr SInv}
 57425 | Slime:1  | Entered Level 1 of the Pits of Slime
 57429 | Slime:1  | Reached skill level 1 in Throwing
 57669 | Slime:5  | Entered Level 5 of the Pits of Slime
 57685 | Slime:5  | Reached skill level 5 in Throwing
 57685 | Slime:5  | Noticed the Royal Jelly
 57689 | Slime:5  | Killed the Royal Jelly
 57745 | Slime:5  | Found the +5 scythe "Finisher" {speed, execute}
 57750 | Slime:5  | Got the Compilation of Reconstruction
 57756 | Slime:5  | Identified the +7 chain mail of the Morning {rElec rN++
                  | Str+2}
 57787 | Slime:5  | Got a slimy rune of Zot
 57841 | Slime:5  | Got Sif Muna's Dissertation on Weather and the Map
 58181 | Vaults:4 | Learned a level 2 spell: Sublimation of Blood
 58207 | Vaults:5 | Reached XP level 24. HP: 185/185 MP: 41/41
 58208 | Vaults:5 | Reached skill level 5 in Necromancy
 58286 | Vaults:5 | Noticed Sojobo
 58288 | Vaults:5 | Killed Sojobo
 58290 | Vaults:5 | Reached skill level 15 in Spellcasting
 58369 | Vaults:5 | Learned a level 4 spell: Passage of Golubria
 58420 | Vaults:5 | Found Dipetowk's Weapon Shoppe.
 58547 | Vaults:5 | Noticed a dread lich
 58552 | Vaults:5 | Killed a dread lich
 58632 | Vaults:5 | Found Riamimu's Magic Scroll Shop.
 58882 | Vaults:5 | Got a silver rune of Zot
 58885 | Vaults:5 | Found Erapudu's Distillery.
 58890 | Vaults:5 | Bought a potion of curing for 39 gold pieces
 58890 | Vaults:5 | Bought a potion of curing for 39 gold pieces
 58890 | Vaults:5 | Bought a potion of curing for 39 gold pieces
 58890 | Vaults:5 | Bought a potion of might for 52 gold pieces
 59065 | Vaults:5 | Found Ogoukkiu's Distillery.
 59070 | Vaults:5 | Bought a potion of curing for 69 gold pieces
 59070 | Vaults:5 | Bought a potion of curing for 69 gold pieces
 59070 | Vaults:5 | Bought a potion of cancellation for 184 gold pieces
 59170 | Vaults:5 | Found Xablatz's Magic Scroll Emporium.
 59170 | Vaults:5 | Found Qafroat's Distillery.
 59172 | Vaults:5 | Found Urphoykk's Magic Scroll Boutique.
 59174 | Vaults:5 | Bought a scroll of amnesia for 56 gold pieces
 59174 | Vaults:5 | Bought a scroll of amnesia for 56 gold pieces
 59188 | Vaults:5 | Found Reor's Magic Scroll Shoppe.
 59199 | Vaults:5 | Found Azaehog's Magic Scroll Shoppe.
 59206 | Vaults:5 | Bought a scroll of amnesia for 56 gold pieces
 59250 | Vaults:5 | Found Hanwi's Magic Scroll Emporium.
 59254 | Vaults:5 | Bought a scroll of blinking for 105 gold pieces
 59305 | Vaults:5 | Bought a potion of cancellation for 160 gold pieces
 59652 | Zot:1    | Entered Level 1 of the Realm of Zot
 59655 | Zot:1    | Reached skill level 10 in Necromancy
 59655 | Zot:1    | Reached XP level 25. HP: 177/192 MP: 42/42
 59657 | Zot:1    | Learned a level 1 spell: Apportation
 59685 | Zot:1    | Noticed Vv
 59746 | Depths:4 | Killed Vv
 59747 | Depths:4 | Reached skill level 15 in Fighting
 60033 | Zot:1    | Noticed Parghit
 60360 | Zot:1    | Killed Parghit
 60796 | Zot:2    | Reached skill level 16 in Fighting
 60941 | Zot:2    | Noticed an orb of fire
 61091 | Zot:2    | Noticed a Killer Klown
 61093 | Zot:2    | Killed a Killer Klown
 61133 | Zot:2    | Killed an orb of fire
 61540 | Zot:3    | Reached skill level 17 in Fighting
 61888 | Zot:3    | You are sucked into a shaft and drop 1 floor!
 61892 | Zot:4    | Reached skill level 18 in Fighting
 62017 | Zot:3    | Noticed an orb of fire
 62023 | Zot:3    | Gained mutation: You are clumsy. (Dex -2) [an orb of fire]
 62047 | Zot:3    | Killed an orb of fire
 62169 | Zot:3    | Reached skill level 19 in Fighting
 62494 | Depths:3 | You paid a toll of 17 potions of curing to enter a treasure
                  | trove
 62495 | Trove    | Entered a treasure trove
 62506 | Trove    | Identified the +5 dagger "Daufaats" {freeze, Str+2}
 62507 | Trove    | Identified the +6 whip of the Howling Tiger {freeze, Str+4}
 62515 | Trove    | Identified the +6 mace "Hiruehimer" {vamp, +Blink Will+++
                  | Str-4 SInv}
 62516 | Trove    | Identified the +6 hand axe "Akeluikk" {vamp, SInv}
 62527 | Trove    | Identified the +5 whip of Pydet {antimagic, +Blink Str+5
                  | Dex-4 SInv}
 62535 | Trove    | Identified the +7 hand axe "Trog's Indignation" {spect,
                  | Dex+4 SInv}
 62537 | Trove    | Identified the +1 short sword "Aneusk" {spect, rCorr SInv}
 62654 | Zot:4    | Noticed an orb of fire
 62658 | Zot:4    | Reached XP level 26. HP: 179/217 MP: 28/43
 62659 | Zot:4    | Killed an orb of fire
 62660 | Zot:4    | Reached skill level 20 in Fighting
 63078 | Zot:5    | Entered Level 5 of the Realm of Zot
 63188 | Zot:5    | Noticed a Killer Klown
 63190 | Zot:5    | Killed a Killer Klown
 63191 | Zot:5    | Reached skill level 21 in Fighting
 63472 | Zot:5    | Noticed a Killer Klown
 63476 | Zot:5    | Killed a Killer Klown
 63477 | Zot:5    | Reached skill level 22 in Fighting
 63479 | Zot:5    | Noticed an orb of fire
 63480 | Zot:5    | Noticed an orb of fire
 63481 | Zot:5    | Gained mutation: You occasionally shout uncontrollably at
                  | your foes. [an orb of fire]
 63485 | Zot:5    | Killed an orb of fire
 63486 | Zot:5    | Killed an orb of fire
 63490 | Zot:5    | Noticed an orb of fire
 63497 | Zot:5    | Killed an orb of fire
 63538 | Zot:5    | Reached skill level 23 in Fighting
 63546 | Zot:5    | Noticed an orb of fire
 63546 | Zot:5    | Noticed an orb of fire
 63551 | Zot:5    | Gained mutation: You are frail. (-10% HP) [an orb of fire]
 63554 | Zot:5    | Killed an orb of fire
 63556 | Zot:5    | Gained mutation: You frequently scream uncontrollably at
                  | your foes. [an orb of fire]
 63558 | Zot:5    | Gained mutation: You sometimes lose your temper in combat.
                  | [an orb of fire]
 63559 | Zot:5    | Killed an orb of fire
 63561 | Zot:5    | Noticed a Killer Klown
 63566 | Zot:5    | Killed a Killer Klown
 63568 | Zot:5    | Lost mutation: You sometimes lose your temper in combat.
                  | [potion of mutation]
 63568 | Zot:5    | Lost mutation: You are frail. (-10% HP) [potion of
                  | mutation]
 63602 | Zot:5    | Lost mutation: You frequently scream uncontrollably at your
                  | foes. [potion of mutation]
 63602 | Zot:5    | Lost mutation: You occasionally shout uncontrollably at
                  | your foes. [potion of mutation]
 63602 | Zot:5    | Lost mutation: You are clumsy. (Dex -2) [potion of
                  | mutation]
 63602 | Zot:5    | Gained mutation: Your flesh is cold resistant. (rC+)
                  | [potion of mutation]
 63602 | Zot:5    | Gained mutation: You have a somewhat thin skeletal
                  | structure. (Dex +2, Stealth+) [potion of mutation]
 63615 | Zot:5    | Reached skill level 24 in Fighting
 63634 | Zot:5    | Noticed a dread lich
 63637 | Zot:5    | Killed a dread lich
 63640 | Zot:5    | Noticed an orb of fire
 63645 | Zot:5    | Gained mutation: You have sharp toenails. [an orb of fire]
 63645 | Zot:5    | Noticed a Killer Klown
 63649 | Zot:5    | Killed an orb of fire
 63655 | Zot:5    | Killed a Killer Klown
 63656 | Zot:5    | Reached XP level 27. HP: 235/240 MP: 18/43
 64056 | Depths:1 | Voluntarily entered the Abyss.
 64071 | Abyss:2  | Found a corrupted altar of Lugonu.
 64097 | Abyss:2  | Found a corrupted altar of Lugonu.
 64168 | Abyss:3  | Found a corrupted altar of Lugonu.
 64207 | Abyss:3  | Found a stormy altar of Qazlal.
 64226 | Abyss:3  | Found a stormy altar of Qazlal.
 64289 | Abyss:3  | Got an abyssal rune of Zot
 64292 | Depths:1 | Escaped the Abyss
 64584 | Zot:5    | Got the Orb of Zot
 64725 | Zot:3    | Noticed Oluo the pandemonium lord
 64740 | Zot:3    | Killed Oluo the pandemonium lord
 65017 | D:5      | Reached skill level 10 in Shields
 65115 | D:1      | Reached skill level 25 in Fighting
 65144 | D:$      | Escaped with the Orb!

Illustrated notes

Levels and vault maps discovered:
D:1:      dpeg_arrival_tiny_h, layout_loops_ring, basic_ecumenical_altar,
          kennysheep_boxes
D:2:      layout_basic
D:3:      layout_loops_ring, nicolae_tso_besieged_by_evil, uniq_natasha
D:4:      layout_cave_pools, minmay_temple_entry_enclosed_plants, serial_bayou,
          serial_bayou_pond_c, serial_bayou_pond_d, serial_bayou_pond_d,
          serial_bayou_ford_a, minmay_pentangle
D:5:      layout_loops_corners, general_overflow_altar,
          corexii_item_surrounded_by_moat, saegor_snake_ambush
D:6:      layout_gridville, okawaru_metal_pillars_3, reono_crystal_passage
D:7:      layout_rooms, fedhas_altar_3, lemuel_crystal_altar, vehumet_crystals,
          kennysheep_mini_moat, gammafunk_temple_overflow_forgotten,
          mainiacjoe_overflow_cross_hatched, serial_aquarium,
          aquarium_bridge_square [aquarium_subvault_balcony,
          aquarium_subvault_bridge, aquarium_subvault_bridge,
          aquarium_subvault_balcony], aquarium_bridge_square
          [aquarium_subvault_bridge, aquarium_subvault_wall,
          aquarium_subvault_bridge, aquarium_subvault_window],
          aquarium_window_corner, aquarium_window_fake, aquarium_view_2d,
          aquarium_balcony_double_3, uniq_pikel, uniq_menkaure, uniq_joseph
D:8:      layout_loops_corners, overflow_temple_1_default,
          hellmonk_guarded_unrand_vines
D:9:      layout_basic, bloody_makhleb, amcnicky_altar_gilded,
          chequers_serial_rivers_micro_c, serial_bayou_pond_c
D:10:     layout_long_grid, old_standard_altar, serial_shops,
          nicolae_shop_tiny_real_fake_doors, uniq_erolcha
D:11:     lemuel_castle_with_subvaults [lemuel_castle_interior_carwin_1],
          layout_irregular_city, lair_entry_dummy, gauntlet_entry_generic,
          serial_shops, nicolae_shop_window_shopping
D:12:     layout_loops_ring, zombieorc1_lemuel, serial_shops, shop, kb_rosetta
D:13:     layout_cave_pods, uniq_snorg
D:14:     layout_basic, ximxim_vaults_locker_room, serial_bayou_pond_b,
          gammafunk_ghost_berserking_beasts
D:15:     grunt_enter_depths_giant_problem, layout_gridville
Temple:   nicolae_temple_bog_church
Lair:1:   layout_small_grid, lemuel_fruit_tree, grunt_megastairs_1
Lair:2:   layout_roguey, spider_nest_entry_web_field
Lair:3:   layout_gridlike, minmay_shoals_entry_centaurs, special_room
          [special_room_bee], gammafunk_ghost_necromancy, uniq_rupert,
          uniq_sonja
Lair:4:   minmay_guarded_unrand_snakebite, layout_loops_ring, slime_entry_1,
          nicolae_lair_run_with_the_wolves, infiniplex_staircase_pool
Lair:5:   wormcave, layout_regular_city, guppyfry_lair_end_dragon,
          pdpol_lair_neglected_garden, minivault_27
Shoals:1: layout_shoals, uniq_aizul, uniq_josephine
Shoals:2: layout_shoals, centaur_isle, uniq_frances, uniq_mlioglotl,
          uniq_polyphemus
Shoals:3: layout_shoals, nicolae_shoals_lost_giant_temple
Shoals:4: shoals_end_hangedman, layout_shoals, serial_shops, shop,
          ldierk_geyser, nicolae_shoals_lost_giant_hut,
          nicolae_shoals_sun_and_surf
Spider:1: layout_spider_delve, nicolae_spider_baby_got_redback, uniq_asterion
Spider:2: layout_spider_delve
Spider:3: cheibrodos_spider_deadly_dance
Spider:4: johnstein_spider_rune_arachne_lair, uniq_arachne, uniq_agnes
Slime:1:  layout_caves
Slime:2:  layout_caves, nicolae_slime_crime_time
Slime:3:  cheibrodos_slime_lost_civilization_10, layout_caves
Slime:4:  layout_caves
Slime:5
Orc:1:    layout_caves
Orc:2:    st_orc_rangers, layout_diamond_mine
Elf:1:    nicolae_elf_arrival_no_cutting_in_line, layout_loops_ring,
          serial_shops, bzr_firewalk, evilmike_minifort, grunt_megastairs_2
Elf:2:    elven_hall_of_blades_hangedman_alternative
          [nicolae_blade_entry_splitting_headache], layout_rooms,
          lemuel_upstairs_altar
Elf:3:    grunt_elf_hall_asides, layout_geoelf_octagon, dk_noncrumbling_4
Vaults:1: nicolae_vaults_circle_grid_b, nicolae_vaults_wrenched, v_misc_28,
          hangedman_vaults_hard_town_square, vaults_room_door_hall,
          vaults_mumra_minichess, nicolae_vaults_trapezoid_2,
          nicolae_vaults_ring_of_whatevers, nicolae_vaults_apartment_2,
          v_pattern_4, nicolae_vaults_closet_pinwheel_6,
          hangedman_vaults_impose, vaults_room_pools,
          nicolae_vaults_tetromino_Z_2, vaults_dpeg_hooks,
          layout_vaults_maze_bifur, serial_shops, shop_fountains
Vaults:2: v_misc_24, nicolae_vaults_tetromino_Z_2, v_alt_pattern_3,
          nicolae_vaults_tetromino_Z_1, layout_vaults_quadrants
Vaults:3: minmay_crypt_entry_simple_statues, nicolae_vaults_ellipses_ellipsis,
          nicolae_vaults_more_shelving_2, ontoclasm_vaults_twist,
          nicolae_vaults_closet_pinwheel_4, nicolae_vaults_little_squares_5,
          nicolae_vaults_weapon_check, hangedman_vaults_slice,
          vaults_dpeg_cross, hangedman_vaults_snaps, st_cells,
          layout_vaults_big_cross
Vaults:4: vaults_dpeg_doors, nicolae_vaults_network_quinsquares
          [nicolae_vaults_network_quincunx_subvault,
          nicolae_vaults_network_quincunx_subvault,
          nicolae_vaults_network_quincunx_subvault,
          nicolae_vaults_network_quincunx_subvault],
          ontoclasm_vaults_claustrophobia, nicolae_vaults_storage_room_glass,
          hangedman_vaults_slice, grunt_vaults_hallway_short,
          nicolae_vaults_trapezoid_2, nicolae_vaults_closet_pinwheel_4,
          layout_vaults_chaotic_city, serial_shops, bzr_entry_islet
Vaults:5: uniq_sojobo
Depths:1: layout_basic, grunt_hell_entry_dis_old, abyss_entry_flame_altar,
          minmay_crystal_water, nicolae_hepliaklqana_hippocampus,
          uniq_saint_roka
Depths:2: nzn_winding_woodlands_cross [nzn_winding_woodlands_5x15_lazy_stream,
          nzn_winding_woodlands_5x15_pathside_ponds,
          nzn_winding_woodlands_5x15_parted,
          nzn_winding_woodlands_5x15_longhouse,
          nzn_winding_woodlands_15x15_killbox], layout_basic, pan_entry,
          lightli_too_deep, minmay_misc_feat_hallway, hangedman_blasphemy
Depths:3: minmay_connected_boxes_in_corner, layout_basic, abyss_entry,
          hell_entry, rand_demon_pan_entry_5, enter_trove_5, serial_shops,
          bzr_entry_water, grunt_decor_resistance
Depths:4: grunt_zot_entry_tricorne, layout_basic, enter_ziggurat_b,
          abyss_entry_small_statue_room, minmay_misc_feat_encased, pan_entry,
          pf_hell_entry_tar_spiral
Zot:1:    layout_cathedral_of_symmetry, uniq_vv, uniq_parghit
Zot:2:    grunt_zot_stairs_mandelzot, layout_twisted_circle
Zot:3:    layout_basic, hangedman_zot_wheel_spokes,
          kennysheep_underground_church
Zot:4:    lemuel_draconian_sentries_small, layout_misc_corridors
Zot:5:    layout_basic, grunt_ministairs_4, st_stairs_11

Skill      XL: |  1  2  3  4  5  6  7  8  9 10 11 12 13 14 15 16 17 18 19 20 21 22 23 24 25 26 27 |
---------------+----------------------------------------------------------------------------------+-----
Conjurations   | 1 2 3 4 5 9 12 13 14 16 17 19 21 22 24 | 24.0
Fighting       | 2 3 6 8 9 10 11 13 14 19 24 25 | 25.0
Air Magic      | 4 5 6 10 | 10.0
Translocations | 3 5 8 |  8.0
Spellcasting   | 4 6 7 9 11 13 14 15 16 | 16.8
Armour         | 2 5 7 |  7.3
Dodging        | 2 4 14 16 | 16.5
Earth Magic    | 3 |  3.0
Long Blades    | 2 4 |  4.0
Shields        | 5 10 | 10.1
Fire Magic     | 7 12 13 16 19 21 22 24 | 24.0
Maces & Flails | 3 6 8 |  8.0
Summonings     | 8 14 15 | 15.0
Evocations     | 3 4 |  4.5
Throwing       | 5 |  5.0
Necromancy     | 4 10 | 10.0
Stealth        | |  1.7

Action                     |  1- 3 |  4- 6 |  7- 9 | 10-12 | 13-15 | 16-18 | 19-21 | 22-24 | 25-27 || total
---------------------------+-------+-------+-------+-------+-------+-------+-------+-------+-------++-------
  Melee: Club              |    66 |     2 |       |       |       |       |       |       |       ||    68
         Dagger            |       |    83 |   125 |   154 |   228 |       |       |       |       ||   590
         Punch             |       |     3 |     3 |     4 |       |       |       |       |       ||    10
         Falchion          |       |       |       |   261 |     3 |       |       |       |       ||   264
         Scimitar          |       |       |       |    25 |       |       |       |       |       ||    25
         Whip              |       |       |       |       |   833 |   280 |   238 |    10 |       ||  1361
         Staff             |       |       |       |       |    26 |     6 |     6 |    11 |     1 ||    50
         Demon whip        |       |       |       |       |       |       |       |     9 |       ||     9
  Throw: Dart              |       |       |     4 |    21 |     7 |     1 |       |       |       ||    33
         Throwing net      |       |       |     1 |       |       |       |       |       |       ||     1
         Boomerang         |       |       |       |       |     4 |       |       |       |       ||     4
         Javelin           |       |       |       |       |       |     1 |       |       |       ||     1
   Cast: Shock             |    51 |    65 |   188 |   143 |     9 |       |       |       |       ||   456
         Momentum Strike   |       |       |    10 |       |       |       |       |       |       ||    10
         Blink             |       |       |     2 |     1 |     1 |       |     4 |    11 |     3 ||    22
         Mephitic Cloud    |       |       |     6 |    66 |    49 |     4 |     3 |     2 |       ||   130
         Stone Arrow       |       |       |     5 |   168 |    59 |    19 |     7 |       |       ||   258
         Iskenderun's Myst |       |       |       |    23 |     5 |       |     1 |     5 |    14 ||    48
         Arcjolt           |       |       |       |     3 |    61 |       |       |       |       ||    64
         Fireball          |       |       |       |       |    90 |    79 |    57 |    48 |       ||   274
         Plasma Beam       |       |       |       |       |    47 |    93 |     6 |       |       ||   146
         Spellforged Servi |       |       |       |       |       |    79 |   152 |    82 |    61 ||   374
         Orb of Destructio |       |       |       |       |       |    17 |    55 |    68 |    27 ||   167
         Freezing Cloud    |       |       |       |       |       |    16 |    42 |    50 |     3 ||   111
         Ignition          |       |       |       |       |       |       |    78 |    41 |       ||   119
         Fire Storm        |       |       |       |       |       |       |       |   101 |   269 ||   370
         Sublimation of Bl |       |       |       |       |       |       |       |    39 |   209 ||   248
         Apportation       |       |       |       |       |       |       |       |       |     5 ||     5
Ability: Hop               |       |     1 |     2 |     7 |     7 |     3 |    15 |     9 |     9 ||    53
  Evoke: Wand              |       |       |     2 |     8 |    12 |       |    15 |     3 |     5 ||    45
         Box of beasts     |       |       |       |       |       |       |     2 |       |       ||     2
         Phantom mirror    |       |       |       |       |       |       |     1 |       |       ||     1
    Use: Scroll            |       |     1 |     4 |     6 |    15 |     7 |    11 |     5 |     7 ||    56
         Potion            |       |     1 |       |     2 |       |     2 |     2 |     4 |     7 ||    18
   Stab: Sleeping          |     3 |     1 |     1 |     1 |       |       |       |       |       ||     6
         Confused          |       |       |     2 |     8 |    22 |       |       |       |       ||    32
         Distracted        |       |       |       |       |     1 |       |     3 |       |       ||     4
 Armour: Robe              |    32 |    24 |    55 |   120 |   240 |    94 |   116 |    23 |     6 ||   710
         Leather armour    |       |       |     8 |     2 |       |       |       |       |       ||    10
  Dodge: Dodged            |    47 |    49 |   124 |   514 |   925 |   295 |   495 |   130 |    61 ||  2640
         Repelled          |       |       |       |       |       |       |     2 |     8 |    10 ||    20
  Block: Buckler           |       |       |       |     9 |   196 |    61 |   172 |    56 |     9 ||   503
         Kite shield       |       |       |       |       |       |       |       |       |    16 ||    16

Table legend: (Time is in decaauts)
 A = Elapsed time spent in this place.
 B = Non-inter-level travel time spent in this place.
 C = Inter-level travel time spent in this place.
 D = Time resting spent in this place.
 E = Time spent auto-exploring this place.
 F = Levels seen in this place.
 G = Mean time per level.
                   A        B        C        D        E       F      G
               +--------+--------+--------+--------+--------+-----+--------+
         Total |  73382 |  63272 |  10110 |  10895 |  15598 |  61 | 1203.0 |
       Dungeon |  21515 |  18863 |   2652 |   2584 |   8695 |  15 | 1434.3 |
        Temple |    144 |    124 |     20 |      0 |    117 |   1 |  144.0 |
          Lair |  10950 |   9514 |   1436 |   2937 |   1723 |   5 | 2190.0 |
        Shoals |   4285 |   3924 |    361 |   1340 |     30 |   4 | 1071.2 |
   Spider Nest |   6394 |   5694 |    700 |   1738 |   1035 |   4 | 1598.5 |
    Slime Pits |    548 |    506 |     42 |     81 |      0 |   5 |  109.6 |
  Orcish Mines |   1864 |   1647 |    217 |     49 |    766 |   2 |  932.0 |
   Elven Halls |   5357 |   4800 |    557 |    793 |    600 |   3 | 1785.7 |
        Vaults |   8103 |   6727 |   1376 |    648 |    992 |   5 | 1620.6 |
        Depths |   7686 |   6313 |   1373 |    536 |   1166 |   4 | 1921.5 |
           Zot |   5144 |   3772 |   1372 |    108 |    128 |   5 | 1028.8 |
         Abyss |    268 |    268 |      0 |      0 |      0 |   3 |   89.3 |
        Bazaar |    392 |    392 |      0 |      0 |      0 |   3 |  130.7 |
         Trove |     57 |     57 |      0 |      0 |      0 |   1 |   57.0 |
      Gauntlet |    668 |    668 |      0 |     79 |    342 |   1 |  668.0 |
               +--------+--------+--------+--------+--------+-----+--------+

Top non-repeatable levels by time:
    D:11: 3183 daAuts
  Lair:2: 3077 daAuts
Spider:4: 2659 daAuts
  Lair:3: 2421 daAuts
Depths:2: 2389 daAuts
  Lair:5: 2134 daAuts
Vaults:1: 2030 daAuts
   Elf:3: 1996 daAuts
Spider:3: 1962 daAuts
Depths:1: 1932 daAuts
Depths:3: 1909 daAuts
Vaults:3: 1900 daAuts
   Elf:1: 1875 daAuts
     D:5: 1862 daAuts
  Lair:4: 1824 daAuts
